 Dungeon Crawl Stone Soup version 0.29.1-2-gbd0b4ee654 (webtiles) character file.

Game seed: 9924181531964931578

43 qeuew the Shooter (level 3, -8/28 HPs)
             Began as a Formicid Hunter on Nov 8, 2022.
             Mangled by a gnoll
             ... wielding a +0 halberd
              (12 damage)
             ... on level 2 of the Dungeon.
             The game lasted 00:02:34 (1416 turns).

qeuew the Shooter (Formicid Hunter)                 Turns: 1416, Time: 00:02:35

Health: -8/28      AC:  5    Str: 15    XL:     3   Next: 82%
Magic:  3/3        EV: 11    Int:  8    God:
Gold:   103        SH:  0    Dex: 19    Spells: 2/2 levels left

rFire   + . .      SeeInvis +   g - +0 hand axe
rCold   . . .      Faith    .   (no shield)
rNeg    . . .      Spirit   .   k - +0 ring mail
rPois   .          Reflect  .   (helmet unavailable)
rElec   .          Harm     .   (no cloak)
rCorr   .          Rampage  .   (no gloves)
Will    .....                   (no boots)
Stlth   +.........              (no amulet)
HPRegen 0.09/turn               h - ring of protection from fire
MPRegen 0.08/turn               (no ring)

@: no status effects
A: permanent stasis, dig shafts and tunnels, antennae 3, four strong arms
a: Dig, Shaft Self


You were on level 2 of the Dungeon.
You visited 1 branch of the dungeon, and saw 2 of its levels.

You collected 103 gold pieces.

Inventory:

Hand Weapons
 a - a +1 shortbow
 g - a +0 hand axe (weapon)
Armour
 k - a +0 ring mail (worn)
Jewellery
 h - a ring of protection from fire (left hand)


   Skills:
 + Level 2.7 Fighting
 + Level 1.1 Axes
 + Level 4.2 Ranged Weapons
 + Level 1.2 Armour
 + Level 2.2 Dodging
 - Level 1.2 Stealth


You had 2 spell levels left.
You didn't know any spells.
Your spell library contained the following spells:

 Spells                   Type           Power      Damage    Failure   Level
 Poisonous Vapours        Pois/Air       0%         N/A       77%         2
 Corpse Rot               Necr/Pois/Air  0%         N/A       100%        4


Dungeon Overview and Level Annotations

Branches:
Dungeon (2/15)

Altars:

Shops:
D:2 (


Innate Abilities, Weirdness & Mutations

You cannot be hasted, slowed, berserked, paralysed or teleported.
You can dig through walls and to a lower floor.
You have a pair of large antennae on your head. (SInv)
Your four strong arms can wield two-handed weapons with a shield.


Message History

You kill the gnoll!
The gnoll misses you.
You shoot an arrow. The arrow barely misses the gnoll.
The gnoll closely misses you.
The gnoll hits you from afar with a +0 halberd.
The gnoll closely misses you.
A gnoll comes into view. It is wielding a +0 whip.
g - a +0 hand axe (weapon)
You barely miss the gnoll. The gnoll hits you with a +0 whip.
The gnoll hits you from afar with a +0 halberd!
You are too injured to fight recklessly!
You are too injured to fight recklessly!
You are too injured to fight recklessly!
You feel much better. The gnoll barely misses you.
The gnoll hits you from afar with a +0 halberd!
The gnoll shouts!
You hit the gnoll.
The gnoll is lightly wounded.
You completely miss the kobold. The kobold hits you but does no damage.
The gnoll barely misses you.
The gnoll hits you from afar with a +0 halberd. x2
The kobold closely misses you. The gnoll hits you with a +0 whip.
* * * LOW HITPOINT WARNING * * *
You hit the gnoll.
The gnoll is heavily wounded.
You barely miss the kobold. The gnoll barely misses you.
The kobold hits you but does no damage. The gnoll hits you but does no damage.
Unknown command.
You hit the gnoll.
The gnoll is severely wounded.
You hit the kobold.
You kill the kobold!
The gnoll hits you with a +0 whip.
* * * LOW HITPOINT WARNING * * *
The gnoll completely misses you.
You hit the gnoll.
The gnoll is almost dead.
The gnoll barely misses you.
The gnoll hits you from afar with a +0 halberd!
You die...

...##### ...
#......# ...
#......# .. .
#......#.. ..
##.......$# .# .{
#....)..#.#..# ..
.....ggg.....##
... #@.......
..........
###.####.#.
.........#####...#
............#..###
.........##...####
.........###.....#
.........###..####
.........#....#
#.#
.....<....).###
#.#


You could see 3 gnolls.

Vanquished Creatures
  A gnoll (D:2)
  2 worms (D:2)
  2 endoplasms
  3 giant cockroaches (D:1)
  A goblin (D:2)
  2 hobgoblins
  2 quokkas (D:1)
  5 ball pythons
  3 bats
  2 frilled lizards
  4 kobolds
  A rat (D:1)
28 creatures vanquished.

Notes
Turn   | Place    | Note
-------+----------+-------------------------------------------
     0 | D:1      | qeuew the Formicid Hunter began the quest for the Orb.
     0 | D:1      | Reached XP level 1. HP: 16/16 MP: 1/1
   378 | D:1      | Reached XP level 2. HP: 23/23 MP: 2/2
   398 | D:1      | Found a faded altar of an unknown god.
   955 | D:2      | Reached XP level 3. HP: 27/28 MP: 3/3
   956 | D:2      | Reached skill level 1 in Armour
  1310 | D:2      | Reached skill level 1 in Axes
  1351 | D:2      | Found Ogucw's Antique Weapon Boutique.
  1416 | D:2      | Mangled by a gnoll

Illustrated notes

Levels and vault maps discovered:
D:1:      scummos_arrival_simple_fountains, layout_loops_corners,
          hellmonk_ecumenical_altar_lost_god, minmay_tiny_reverse_x
D:2:      layout_rooms, serial_shops, shop

Skill      XL: |  1  2  3 |
---------------+----------+-----
Dodging        | 2 |  2.2
Armour         | 1 |  1.2
Axes           | 1 |  1.1
Fighting       | |  2.7
Ranged Weapons | |  4.2
Stealth        | |  1.2

Action                   || total
-------------------------++-------
Melee: Hand axe          ||     8
 Fire: Shortbow          ||    78
 Abil: Dig               ||     4
  Use: Scroll            ||     5
       Potion            ||     3
Armor: Ring mail         ||    12
Dodge: Dodged            ||    31
